 Dungeon Crawl Stone Soup version 0.30.0-29-ga12c61a403 (webtiles) character file.

Game seed: 3716931695067696609

9 comborobin the Sneak (level 1, 0/18 HPs)
             Began as a Demigod Delver on June 6, 2023.
             Slain by an ufetubus (1 damage)
             ... on level 3 of the Dungeon.
             The game lasted 00:00:50 (246 turns).

comborobin the Sneak (Demigod Delver)                Turns: 246, Time: 00:00:51

Health: 0/18       AC:  3    Str: 13    XL:     1   Next: 86%
Magic:  3/3        EV: 12    Int: 12    God:
Gold:   20         SH:  0    Dex: 15    Spells: 0/0 levels left

rFire   . . .        a - +0 mace
rCold   . . .        (no shield)
rNeg    . . .        b - +0 leather armour
rPois   .            (no helmet)
rElec   .            (no cloak)
rCorr   .            (no gloves)
SInv    .            (no boots)
Will    .....        (no amulet)
Stlth   +++          (no ring)
HPRegen 0.23/turn    (no ring)
MPRegen 0.08/turn

%: no passive effects
@: no status effects
A: high MP 1, forlorn, divine attributes
a: no special abilities


You were on level 3 of the Dungeon.
You visited 1 branch of the dungeon, and saw 4 of its levels.

You collected 20 gold pieces.

Inventory:

Hand Weapons
 a - a +0 mace (weapon)
Armour
 b - a +0 leather armour (worn)
Magical Staves
 f - a staff of air
Wands
 g - a wand of digging (2)
Scrolls
 c - a scroll of fog
 e - a scroll of fear
 h - a scroll of teleportation {unknown}


   Skills:
 + Level 2.8 Fighting
 + Level 2.0 Maces & Flails
 + Level 2.0 Dodging
 + Level 4.6 Stealth


You couldn't memorise any spells.
You didn't know any spells.
Your spell library contained the following spells:

 Spells                   Type           Power      Damage    Failure   Level
 Magic Dart               Conj           0%         1d3       38%         1
 Searing Ray              Conj           0%         2d4       54%         2
 Fulminant Prism          Conj/Hex       0%         3d5       99%         4


Dungeon Overview and Level Annotations

Branches:
Dungeon (6/15)
 Temple: D:4-7


Innate Abilities, Weirdness & Mutations

You have an increased reservoir of magic. (+10% MP)
You shall have no god before yourself.
Your divine heritage dramatically boosts your attributes as you level up.


Message History

You climb upwards.
There is a stone staircase leading down here.
You climb downwards.
There is a stone staircase leading up here.
There is a stone staircase leading up here.
You climb upwards.
Found a stone staircase leading up.
There is a stone staircase leading down here.
An ufetubus and a sleepcap come into view.
Found a scroll labelled KIHIRA QIROB.
There is a stone staircase leading up here.
The ufetubus completely misses you. The ufetubus barely misses you.
You climb upwards.
There is a stone staircase leading down here.
You hit the ufetubus.
The ufetubus is heavily wounded.
The ufetubus misses you. The ufetubus barely misses you. The ufetubus hits you.
The ufetubus barely misses you.
You completely miss the ufetubus.
The ufetubus is heavily wounded.
The ufetubus hits you.
The ufetubus hits you but does no damage. x2
The ufetubus closely misses you.
You barely miss the ufetubus.
The ufetubus is moderately wounded.
The ufetubus hits you.
The ufetubus hits you but does no damage.
The ufetubus completely misses you. The ufetubus hits you.
You are too injured to fight recklessly!
You miss the ufetubus.
The ufetubus is lightly wounded.
The ufetubus hits you. The ufetubus closely misses you. The ufetubus hits you.
* * * LOW HITPOINT WARNING * * *
The ufetubus hits you.
* * * LOW HITPOINT WARNING * * *
You are too injured to fight recklessly!
You hit the ufetubus but do no damage.
The ufetubus is lightly wounded.
The ufetubus hits you.
You die...

## #. #.
.. #. #.
.#####.##
......5@#
######..#
#..# #..#
...#
#...#
#...#
#...#


You could see an ufetubus.

Vanquished Creatures
  An adder (D:5)
1 creature vanquished.

Notes
Turn   | Place    | Note
-------+----------+-------------------------------------------
     0 | D:5      | comborobin the Demigod Delver began the quest for the Orb.
     0 | D:5      | Reached XP level 1. HP: 18/18 MP: 3/3
     8 | D:5      | Noticed a hound
   193 | D:5      | Noticed an orc wizard
   237 | D:4      | Noticed a sleepcap
   246 | D:3      | Slain by an ufetubus

Illustrated notes

Levels and vault maps discovered:
D:3:      layout_basic, nicolae_hepliaklqana_hazy_memory,
          wander_ebering_terrifying_dragon_lair, uniq_grinder
D:4:      layout_loops_ring, mainiacjoe_overflow_paths,
          nicolae_overflow_hidden_temple, grunt_decor_fettered
D:5:      layout_loops_corners, elyvilon_altar_3, grunt_decor_one_mirror,
          uniq_sigmund, uniq_blork_the_orc
D:6:      layout_basic, slow_altar_1, temple_fountains, uniq_eustachio,
          uniq_crazy_yiuf_cottage

Skill      XL: |  1 |
---------------+----+-----
Maces & Flails | 2 |  2.0
Dodging        | 2 |  2.0
Fighting       | |  2.8
Stealth        | |  4.6

Action                     || total
---------------------------++-------
  Melee: Mace              ||     9
  Evoke: Wand              ||     1
    Use: Scroll            ||     1
         Potion            ||     1
 Armour: Leather armour    ||     5
  Dodge: Dodged            ||    11
